 Dungeon Crawl Stone Soup version 0.26.1-11-gd32895ea62 (webtiles) character file.

Game seed: 15140742702685454323

41 Zeld the Sneak (level 3, -5/24 HPs)
             Began as an Octopode Brigand on May 16, 2021.
             Slain by Eustachio
             ... wielding a +0 rapier
              (8 damage)
             ... on level 4 of the Dungeon.
             The game lasted 00:01:14 (819 turns).

Zeld the Sneak (Octopode Brigand)                    Turns: 819, Time: 00:01:15

Health: -5/24      AC:  1    Str: 11    XL:     3   Next: 52%
Magic:  5/5        EV: 13    Int: 13    God:
Gold:   24         SH:  0    Dex: 13    Spells: 4/4 levels left

rFire    . . .     SeeInvis .   a - +2 dagger
rCold    . . .     Faith    .   (no shield)
rNeg     . . .     Spirit   .   (helmet restricted)
rPois    .         Reflect  .   (no amulet)
rElec    .         Harm     .   (no ring)
rCorr    .         Rampage  .   (no ring)
Will     .....                  (no ring)
Stlth    ++++......             (no ring)
HPRegen  0.08/turn              (no ring)
MPRegen  0.09/turn              (no ring)
                                (no ring)
                                (no ring)

@: no status effects
A: almost no armour, stealthy swim, amphibious, 8 rings, constrict 8, camouflage
1, gelatinous body 1
a: no special abilities


You were on level 4 of the Dungeon.
You visited 1 branch of the dungeon, and saw 4 of its levels.

You collected 24 gold pieces.

Inventory:

Hand Weapons
 a - a +2 dagger (weapon)
Missiles
 b - 12 poisoned darts (quivered)
 c - 2 curare-tipped darts
Scrolls
 d - a scroll of amnesia {unknown}
 e - a scroll of identify {unknown}
Potions
 f - a potion of lignification {unknown}
 g - a potion of heal wounds {unknown}


   Skills:
 - Level 2.0 Fighting
 - Level 2.0 Short Blades
 * Level 3.3 Throwing
 - Level 1.0 Dodging
 - Level 5.3 Stealth
 + Level 1.4 Spellcasting


You had 4 spell levels left.
You didn't know any spells.
Your spell library was empty.

Dungeon Overview and Level Annotations

Branches:
Dungeon (4/15)
 Temple: D:4-7

Altars:

Shops:
D:4 !

Annotations:
D:4 Eustachio


Innate Abilities, Weirdness & Mutations

You cannot wear most types of armour.
You are very stealthy in the water. (Stealth+)
You are amphibious.
You can wear up to eight rings at the same time.
You can use your tentacles to constrict eight enemies at once.
Your skin changes colour to match your surroundings (Stealth+).
Your rubbery body absorbs attacks. (AC +1, EV +1)


Message History

The bat hits you but does no damage.
Eustachio gestures wildly while chanting.
You hit Eustachio.
Eustachio is lightly wounded.
You constrict Eustachio. The bat barely misses you. x2
Eustachio hits you with a +0 rapier.
You hit Eustachio.
Eustachio is moderately wounded.
You constrict Eustachio. The bat misses you. Eustachio barely misses you.
You hit Eustachio. You squeeze Eustachio.
Eustachio is moderately wounded.
You constrict Eustachio. The bat misses you. The bat barely misses you.
Eustachio hits you with a +0 rapier.
* * * LOW HITPOINT WARNING * * *
You hit Eustachio but do no damage. Your squeeze misses Eustachio.
Eustachio is heavily wounded.
You constrict Eustachio. The bat hits you.
* * * LOW HITPOINT WARNING * * *
Eustachio hits you with a +0 rapier!
You die...

########
#55...<#
#@###### #@#
#b# #b# #.#
#.# #♣### #.#
#...#####.#.#
♣∩♣.......#.#
#..########.#


You could see Eustachio, an iron imp (summoned), a quasit (summoned) and 2 bats.

Vanquished Creatures
  An adder (D:2)
  A worm (D:3)
  2 dart slugs
  A leopard gecko (D:3)
  A ball python (D:1)
  2 bats (D:1)
  4 goblins
  2 hobgoblins (D:3)
  2 frilled lizards
  5 kobolds
  4 rats
25 creatures vanquished.

Notes
Turn   | Place    | Note
-------+----------+-------------------------------------------
     0 | D:1      | Zeld the Octopode Brigand began the quest for the Orb.
     0 | D:1      | Reached XP level 1. HP: 14/14 MP: 1/1
   165 | D:1      | Reached XP level 2. HP: 19/19 MP: 2/2
   291 | D:2      | Reached skill level 1 in Spellcasting
   401 | D:2      | Reached XP level 3. HP: 24/24 MP: 4/4
   759 | D:4      | Found Geim's Distillery.
   771 | D:4      | Noticed Eustachio
   819 | D:4      | Slain by Eustachio

Illustrated notes

Levels and vault maps discovered:
D:1:      saegor_arrival_miasma, layout_basic
D:2:      layout_basic
D:3:      layout_basic, overflow_temple_1_default, lemuel_crystal_altar
D:4:      layout_basic, fedhas_altar_3, minmay_temple_entry_fiery, serial_shops,
          nicolae_shop_overgrown_old_shop, nicolae_shop_statue_plus,
          nicolae_shop_temple_entry_statues_fountains, nicolae_shop_trees, shop,
          minmay_lizard_king, uniq_eustachio, uniq_duvessa

Skill      XL: |  1  2 |
---------------+-------+-----
Spellcasting   | 1 |  1.4
Throwing       | 3 |  3.3
Fighting       | |  2.0
Short Blades   | |  2.0
Dodging        | |  1.0
Stealth        | |  5.3

Action                   || total
-------------------------++-------
Melee: Dagger            ||    58
       Tentacles         ||    12
       Constrict         ||    18
Throw: Dart              ||     2
 Stab: Sleeping          ||     4
Armor: Skin              ||     4
Dodge: Dodged            ||    28
